 Dungeon Crawl Stone Soup version 0.14-a0-1474-g1105da3 (webtiles) character file.

224 Mitsuki the Gusty (level 5, -2/30 HPs)
             Began as a Tengu Air Elementalist on Dec 11, 2013.
             Slain by an adder (4 damage)
             ... on Level 3 of the Dungeon on Dec 14, 2013.
             The game lasted 00:23:45 (3375 turns).

Mitsuki the Gusty (Tengu Air Elementalist)          Turns: 3375, Time: 00:23:45

HP  -2/30        AC  3     Str  9      XL: 5   Next: 36%
MP  13/13        EV 13     Int 17      God:
Gold 70          SH  0     Dex 14      Spells:  4 memorised,  2 levels left

rFire  . . .     SeeInvis .     l - +5,+1 dwarf dagger
rCold  . . .     Clarity  .     a - +1 robe
rNeg   . . .     Conserve .     (no shield)
rPois  +         rCorr    .     (helmet restricted)
rElec  .         rRot     .     (no cloak)
SustAb . .       Spirit   .     (no gloves)
rMut   .         Warding  .     (boots unavailable)
Saprov . . .     Stasis   .     (no amulet)
                                j - ring of poison resistance
                                e - +1 ring of intelligence

@: slightly resistant to hostile enchantments, fairly stealthy
A: able to fly, beak, talons 3
a: Fly


You were on level 3 of the Dungeon.
You were not hungry.

You visited 1 branch of the dungeon, and saw 3 of its levels.

You collected 70 gold pieces.

Inventory:

Hand weapons
 l - a +5,+1 dwarven dagger (weapon)
Armour
 a - a +1 robe (worn)
Comestibles
 c - 2 bread rations
 g - 2 meat rations
 k - an orange
Scrolls
 h - a scroll of enchant weapon I
 i - a scroll of identify
Jewellery
 e - a +1 ring of intelligence (left hand)
 j - a ring of poison resistance (right hand)
 m - an uncursed ring of ice
Potions
 d - a potion of restore abilities {unknown}
 f - a potion of degeneration {unknown}
 n - a potion of poison {unknown}
 o - a potion of curing {unknown}
Books
 b - a book of Air

   Spells                             Type                      Level
   *Shock                             Conjuration/Air              1
   *Swiftness                         Charms/Air                   2
   *Repel Missiles                    Charms/Air                   2
   Flight                             Charms/Air                   3
   *Static Discharge                  Conjuration/Air              3
   Lightning Bolt                     Conjuration/Air              5


   Skills:
 * Level 1.9 Fighting
 - Level 3.0 Dodging
 + Level 2.2 Stealth
 - Level 0.2 Unarmed Combat
 + Level 3.1 Spellcasting
 + Level 2.3 Conjurations
 + Level 5.0 Air Magic


You had 2 spell levels left.
You knew the following spells:

 Your Spells              Type           Power        Failure   Level  Hunger
a - Shock                 Conj/Air       ###.         4%          1    None
b - Swiftness             Chrm/Air       ##......     12%         2    ##.....
c - Static Discharge      Conj/Air       ###.....     14%         3    ###....
d - Repel Missiles        Chrm/Air       ##........   12%         2    ##.....


Dungeon Overview and Level Annotations

Branches:
Dungeon (3/16)

Altars:
Ashenzari
Makhleb


Innate Abilities, Weirdness & Mutations

You can fly.
You have a beak for a mouth.
You have claws for feet.


Message History

Something smites you!
* * * LOW HITPOINT WARNING * * *
The orc barely misses you.
You see here an orcish mace.
The orc priest looks braver.
The orc priest unwields an uncursed orcish dagger.
The orc priest drops an uncursed orcish dagger.
The orc priest picks up an orcish mace.
The orc priest wields an orcish mace.
The orc priest mumbles some strange prayers to Beogh.
You feel a wave of unholy energy pass over you.
Your magical contamination has completely faded away.
An adder comes into view.
You hit the adder.
The adder is lightly wounded.
The adder bites you.
* * * LOW HITPOINT WARNING * * *
You hit the adder. Your kick misses the adder.
The adder is moderately wounded.
The adder bites you.
You die...

####.# . #.# #o#
#.# #.# #.# #.#
#.# #.# #.# #.#
#.# #.# #.# #.#
#.# #.# #.# #.#
#.# #o#
#.######.#
#@######........#
#.S......###.####
########## #.#
#.# #.# #.# #.#
#.# #.#


You could see an orc priest, an adder and an orc.

Vanquished Creatures
  A hound (D:2)
  6 adders
  A giant mite (D:2)
  4 giant geckos
  An ooze (D:2)
  An orc (D:3)
  2 giant cockroaches
  10 goblins
  6 hobgoblins
  7 kobolds
  A quokka (D:2)
  5 bats
  2 giant newts
  11 jackals
  4 rats
  A toadstool (D:1)
63 creatures vanquished.

Vanquished Creatures (others)
  A plant (D:2)
  3 toadstools (D:1)
4 creatures vanquished.

Grand Total: 67 creatures vanquished

Notes
Turn   | Place    | Note
--------------------------------------------------------------
     0 | D:1      | Mitsuki, the Tengu Air Elementalist, began the quest for the Orb.
     0 | D:1      | Reached XP level 1. HP: 10/10 MP: 3/3
    43 | D:1      | Found a shattered altar of Ashenzari.
   266 | D:1      | Reached XP level 2. HP: 7/15 MP: 0/5
   420 | D:1      | Paralysed by a potion of paralysis for 3 turns
   504 | D:1      | Learned a level 2 spell: Swiftness
   815 | D:1      | Reached XP level 3. HP: 20/20 MP: 7/7
  1007 | D:1      | Reached skill level 1 in Fighting
  1045 | D:1      | HP: 1/20 [poisoned by an adder]
  1832 | D:2      | Reached XP level 4. HP: 10/25 MP: 2/9
  2074 | D:2      | Learned a level 3 spell: Static Discharge
  2490 | D:2      | Found a burning altar of Makhleb.
  2490 | D:2      | Noticed a hound
  2501 | D:2      | Killed a hound
  2659 | D:2      | Reached XP level 5. HP: 23/29 MP: 6/13
  2664 | D:2      | Learned a level 2 spell: Repel Missiles
  3006 | D:2      | Reached skill level 5 in Air Magic
  3110 | D:2      | Upgraded the game from 0.14-a0-1413-g94b8a5e to 0.14-a0-1474-g1105da3
  3375 | D:3      | Slain by an adder

Action                   |  1- 3 |  4- 6 || total
-------------------------+-------+-------++-------
Melee: Unarmed           |    38 |     4 ||    42
       Dagger            |    30 |     9 ||    39
 Cast: Shock             |    43 |    62 ||   105
       Static Discharge  |       |     4 ||     4
 Abil: Fly               |       |     1 ||     1
  Use: Scroll            |     3 |     2 ||     5
       Potion            |     1 |       ||     1
 Stab: Sleeping          |     2 |     2 ||     4
